 Dungeon Crawl Stone Soup version 0.18-a0-1576-g2b87869 (webtiles) character file.

2183 Oddball22 the Fighter (level 8, 52/74 HPs)
             Began as a Demigod Hunter on Mar 17, 2016.
             Starved to death
             ... on level 6 of the Dungeon.
             The game lasted 00:24:42 (7204 turns).

Oddball22 the Fighter (Demigod Hunter)              Turns: 7204, Time: 00:24:42

Health: 52/74      AC: 11    Str: 15    XL:     8   Next: 87%
Magic:  10/10      EV: 17    Int: 15    God:
Gold:   153        SH:  0    Dex: 22    Spells: 0 memorised, 7 levels left

rFire  + . .     SeeInvis .     y - -1 executioner's axe
rCold  + . .     Gourm    .     s - +3 leather armour {rC+}
rNeg   . . .     Faith    .     (shield currently unavailable)
rPois  +         Spirit   .     (helmet restricted)
rElec  .         Dismiss  .     o - +0 cloak
rCorr  .         Reflect  .     c - +2 pair of gloves
SustAt +         Harm     .     p - +0 pair of boots
MR     .....     Rnd*Rage +     (no amulet)
Stlth  ++........ Rnd*Tele +    A - ring of poison resistance
                                g - ring of protection from fire

@: fainting, not resistant to hostile enchantments, unstealthy
A: horns 1, agile 1, berserk 1, high mp 1, teleportitis 1, sustain attributes
a: no special abilities


You were on level 6 of the Dungeon.
You were fainting.

You visited 1 branch of the dungeon, and saw 6 of its levels.

You collected 153 gold pieces.

Inventory:

Hand Weapons
 a - a +2 hand crossbow
 l - a +1 dagger of draining
 n - a +2 dagger of speed
 q - a +0 scythe
 y - a -1 executioner's axe (weapon)
Missiles
 d - 14 bolts
Armour
 c - a +2 pair of gloves (worn)
 o - a +0 cloak (worn)
 p - a +0 pair of boots (worn)
 s - a +3 leather armour of cold resistance (worn)
 w - a +0 large shield
Jewellery
 g - a ring of protection from fire (left hand)
 h - an uncursed ring of teleportation
 A - a ring of poison resistance (right hand)
Wands
 v - a wand of random effects (29/48)
 x - a wand of flame (22/48)
Scrolls
 e - 3 scrolls of remove curse
 i - 2 scrolls of identify
 t - a scroll of immolation {unknown}
 C - a scroll of random uselessness {unknown}
Potions
 b - a potion of heal wounds {unknown}
 j - a potion of invisibility
 m - 2 potions of flight {unknown}
 r - 2 potions of berserk rage {unknown}
 u - a potion of agility {unknown}
 z - 2 potions of curing
 B - a potion of magic {unknown}
Comestibles
 f - 2 bread rations
 k - 3 meat rations
 D - a beef jerky


   Skills:
 * Level 8.0 Fighting
 + Level 6.6 Crossbows
 + Level 5.9 Dodging
 - Level 0.8 Stealth


You had 7 spell levels left.
You didn't know any spells.

Dungeon Overview and Level Annotations

Branches:
Dungeon (6/15)             Temple (0/1) D:4

Shops:
D:6 *}


Innate Abilities, Weirdness & Mutations

You have an increased reservoir of magic (+10% MP).
Your attributes are resistant to harm.
You have a pair of small horns on your head.
You are agile. (Dex +2)
You tend to lose your temper in combat.
You are occasionally teleported next to monsters.


Message History

The hungry ghost closely misses you.
You miss the hungry ghost.
The hungry ghost is heavily damaged.
The hungry ghost hits you.
You feel slightly more hungry. The hungry ghost hits you.
You feel slightly more hungry.
You completely miss the hungry ghost.
The hungry ghost is heavily damaged.
The hungry ghost closely misses you. The hungry ghost hits you.
You feel slightly more hungry.
You slash the hungry ghost!
The hungry ghost is almost destroyed.
The hungry ghost hits you.
You feel slightly more hungry. The hungry ghost hits you.
You feel slightly more hungry.
You closely miss the hungry ghost.
The hungry ghost is almost destroyed.
The hungry ghost misses you. x2
You completely miss the hungry ghost.
The hungry ghost is almost destroyed.
You have starved to death.
You die...

### #########################
#.### ...............∩.......>#
#.... #######.......###.#######
#.### #.......# #.# #.#
#.......###.## #.# #
#.......#....# #.###
#######.......#.@..# #....
.....###.######.W..# #####
.....+.#.# #....# ####<##
.....#.#.######....########......
.#####......#.'....#........##.##
..######.##.#.#....#.###.##.##.#
#........##.#.#....#.# #.##>##.#
#..#####.##.#.######.# #........#
#.######.##.#.# #.######.#####


You could see a hungry ghost.

Vanquished Creatures
  Sigmund (D:5)
  Eustachio (D:5)
  An orc warrior (D:6)
  3 sky beasts
  3 ogres
  A phantom (D:6)
  The ghost of SirMumm the Magician, an amateur DEWz (D:4)
  2 giant frogs
  5 scorpions (D:5)
  A vampire bat (D:5)
  2 howler monkeys
  3 crimson imps
  A centaur skeleton (D:6)
  A jelly (D:6)
  An orc wizard (D:6)
  Jessica (D:3)
  3 iguanas
  Ijyb (D:3)
  2 worker ant zombies (D:5)
  9 adders
  5 gnolls
  A shadow imp (D:5)
  2 worms
  2 dart slugs (D:2)
  6 giant geckos
  10 orcs
  16 bats
  2 bat skeletons (D:5)
  4 bat zombies (D:5)
  5 giant cockroaches
  8 goblins
  4 hobgoblins
  5 jackals
  12 kobolds
  3 quokkas (D:5)
  8 giant newts
  2 jackal skeletons (D:4)
  A quokka skeleton (D:5)
  12 rats
151 creatures vanquished.

Vanquished Creatures (others)
  A fungus (D:5)
1 creature vanquished.

Grand Total: 152 creatures vanquished

Notes
Turn   | Place    | Note
--------------------------------------------------------------
     0 | D:1      | Oddball22 the Demigod Hunter began the quest for the Orb.
     0 | D:1      | Reached XP level 1. HP: 17/17 MP: 3/3
    58 | D:1      | Reached skill level 2 in Fighting
   563 | D:1      | Reached XP level 2. HP: 22/24 MP: 4/4
   756 | D:1      | Reached XP level 3. HP: 30/30 MP: 5/5
  1737 | D:2      | Reached skill level 3 in Fighting
  1870 | D:2      | Reached XP level 4. HP: 38/38 MP: 6/6
  2188 | D:2      | Found an iron altar of Okawaru.
  2355 | D:3      | Found an oddly glowing altar of Pakellas.
  2477 | D:3      | Noticed Ijyb
  2487 | D:3      | Killed Ijyb
  2628 | D:3      | Reached XP level 5. HP: 42/45 MP: 7/7
  2677 | D:3      | Found a sparkling altar of Nemelex Xobeh.
  2677 | D:3      | Found a deep blue altar of Sif Muna.
  2729 | D:3      | Noticed Jessica
  2739 | D:3      | Killed Jessica
  3365 | D:3      | Reached skill level 4 in Fighting
  3429 | D:3      | Found a basalt altar of Yredelemnul.
  3444 | D:3      | Found a bloodstained altar of Trog.
  3450 | D:3      | Found a glowing silver altar of Zin.
  3693 | D:4      | Noticed an ogre
  3718 | D:4      | Noticed SirMumm's ghost (amateur DEWz)
  3814 | D:4      | Killed SirMumm's ghost
  3814 | D:4      | Reached XP level 6. HP: 33/53 MP: 8/8
  4007 | D:4      | Reached skill level 5 in Fighting
  4337 | D:4      | Reached skill level 5 in Crossbows
  4375 | D:4      | Found a staircase to the Ecumenical Temple.
  4602 | D:4      | Reached XP level 7. HP: 61/61 MP: 9/9
  4627 | D:5      | Entered Level 5 of the Dungeon
  4761 | D:5      | Noticed Sigmund
  4768 | D:5      | Killed Sigmund
  4948 | D:5      | Noticed Eustachio
  5022 | D:5      | Killed Eustachio
  5022 | D:5      | Reached skill level 6 in Fighting
  5143 | D:5      | Found an ancient bone altar of Kikubaaqudgha.
  5781 | D:5      | Reached skill level 5 in Dodging
  5794 | D:5      | Reached XP level 8. HP: 64/71 MP: 10/10
  6385 | D:6      | Reached skill level 7 in Fighting
  6991 | D:6      | Found Kuewnosi's Assorted Antiques.
  7041 | D:6      | Reached skill level 8 in Fighting
  7045 | D:6      | Gained mutation: You tend to lose your temper in combat. [mutagenic meat]
  7046 | D:6      | Gained mutation: You are occasionally teleported next to monsters. [mutagenic meat]
  7047 | D:6      | Gained mutation: Your spells are a little easier to cast, but a little less powerful. [mutagenic meat]
  7048 | D:6      | Gained mutation: You have a pair of small horns on your head. [mutagenic meat]
  7049 | D:6      | Lost mutation: Your spells are a little easier to cast, but a little less powerful. [mutagenic meat]
  7050 | D:6      | Gained mutation: You are agile. (Dex +2) [mutagenic meat]
  7141 | D:6      | Found Atsemuz's Gadget Shop.
  7204 | D:6      | Starved to death

Vault maps used:
D:1:      dpeg_arrival_castle, minivault_26, st_stairs_6,
          minmay_misc_feat_nine_boxes
D:2:      first_bread, okawaru_ov_weapons_minmay
D:3:      old_standard_altar, minmay_overflow_temple_star_quad,
          gammafunk_temple_overflow_statue, minmay_cut_off, uniq_jessica,
          uniq_iyjb
D:4:      minmay_temple_entry_glassed_door, kennysheep_generic_room_12
D:5:      old_forge, kennysheep_vampire_church, uniq_eustachio, uniq_sigmund
D:6:      serial_shops, kennysheep_mini, shop, hangedman_decor_lopped

Skill      XL: |  1  2  3  4  5  6  7  8 |
---------------+-------------------------+-----
Fighting       | 2 3 4 5 6 8 |  8.0
Dodging        | 2 3 4 5 |  5.9
Crossbows      | 4 5 6 |  6.6
Stealth        | |  0.8

Action                   |  1- 3 |  4- 6 |  7- 9 || total
-------------------------+-------+-------+-------++-------
Melee: Short sword       |    76 |       |       ||    76
       Dagger            |    56 |   241 |   276 ||   573
       Executioner's axe |       |       |   129 ||   129
 Fire: Hand crossbow     |     9 |    24 |    16 ||    49
  Use: Potion            |       |     2 |       ||     2
       Scroll            |       |     5 |       ||     5
 Stab: Sleeping          |     2 |     3 |     1 ||     6
  Eat: Chunk             |     3 |     9 |    15 ||    27
